cohdb
Replays
Latest Replays
All Replays
Popular Replays
Top Player Replays
Match Explorer
How It Works
Community
CoH3 Stats
Reddit
Sign in to upload your games and track your stats! →
Sign in with Steam
Match 41184564
Unlisted
Match 41184564
Overview
Messages
Build Orders
End
Construct Infanterie Kompanie
Grenadier Squad
Selects Terror Battlegroup
Grenadier Squad
Grenadier Squad
Construct Panzergrenadier Kompanie
Selects Contempt for the Weak
251 Medium Carrier
Medical Station
Panzergrenadier Squad
Support Elements
StuG III G Assault Gun
Selects Heavy Gunnery
Panzergrenadier Officer Quarters
Panzergrenadier Squad
Nebelwerfer 42 Rocket Launcher Team
StuG III G Assault Gun
Selects Defend the Fatherland
Side Skirts
Panzergrenadier Squad
Mr Freemon
SmallMoggy
Brandenburger
Мастер Куни
eXellenT2k
KRIEG
0
0
Comments
sign in to comment!
No comments posted yet!